| TOP OF THE 1ST |
|
Durham Bulls batting - Pitching for Rochester Red Wings : RHP Ruben Requena
|
|
Pitching: RHP Ruben Requena
|
|
|
Batting: LHB Darryl Gonnella
|
0-0: Swinging Strike 0-1: Ball 1-1: Ball 2-1: Ball 3-1: Base on Balls
|
|
Batting: RHB Alex Diaz
|
0-0: Ball 1-0: Ball 2-0: Swinging Strike 2-1: Ball Wild Pitch! Darryl Gonnella to second 3-1: Called Strike 3-2: Strikes out swinging
|
|
Batting: LHB Eric Toney
|
0-0: Ball 1-0: Ground out 5-3 (Groundball, 56S, EV 83.8 MPH)
|
|
Batting: RHB David Ward
|
0-0: Foul Ball, location: 2F 0-1: Called Strike 0-2: Ground out 5-3 (Groundball, 5, EV 83.1 MPH)
|
| Top of the 1st over - 0 runs, 0 hits, 0 errors, 1 left on base; Durham 0 - Rochester 0 |
| BOTTOM OF THE 1ST |
|
Rochester Red Wings batting - Pitching for Durham Bulls : RHP Eric Smith
|
|
Pitching: RHP Eric Smith
|
|
|
Batting: LHB Jon Ventura
|
0-0: Ball 1-0: Ball 2-0: Ball 3-0: Base on Balls
|
|
Batting: SHB Ian Thompson
|
0-0: Called Strike 0-1: Fielders Choice at 2nd, 6-4 (Groundball, 6M, EV 108.1 MPH)
|
|
Batting: RHB Leo Gonzalez
|
0-0: Called Strike 0-1: Called Strike 0-2: Strikes out swinging
|
|
Batting: RHB Colin Boddy
|
0-0: Ball 1-0: Fielders Choice at 2nd, 6-4 (Groundball, 6, EV 100.6 MPH)
|
| Bottom of the 1st over - 0 runs, 0 hits, 0 errors, 1 left on base; Durham 0 - Rochester 0 |
| TOP OF THE 2ND |
|
Durham Bulls batting - Pitching for Rochester Red Wings : RHP Ruben Requena
|
|
Batting: LHB Davion Lewis
|
0-0: Ball 1-0: Called Strike 1-1: SINGLE (Groundball, 4MS, EV 71.2 MPH) (infield hit)
|
|
Batting: RHB Sesto Carpini
|
0-0: Ball 1-0: Ball 2-0: Called Strike 2-1: Grounds into double play, 4-6-3 (Groundball, 4, EV 78.1 MPH)
|
|
Batting: LHB Danny Hull
|
0-0: Ball 1-0: Swinging Strike 1-1: Ball 2-1: Ground out 2-3 (Groundball, 15S, EV 71.2 MPH)
|
| Top of the 2nd over - 0 runs, 1 hit, 0 errors, 0 left on base; Durham 0 - Rochester 0 |
| BOTTOM OF THE 2ND |
|
Rochester Red Wings batting - Pitching for Durham Bulls : RHP Eric Smith
|
|
Batting: LHB Chaim Huting
|
0-0: Ball 1-0: Ball 2-0: Ball 3-0: Called Strike 3-1: Called Strike 3-2: Foul Ball, location: 2F 3-2: Base on Balls
|
|
Batting: SHB Manny Molina
|
0-0: SINGLE (Line Drive, 7LS, EV 111.2 MPH) Chaim Huting to second
|
|
Batting: RHB Cyril Husson
|
0-0: Ball 1-0: Ball 2-0: Ball 3-0: Called Strike 3-1: Fly out, F8 (Flyball, 8LD, EV 83.8 MPH)
|
|
Batting: RHB Jason Gee
|
0-0: Swinging Strike 0-1: Ball 1-1: Ball 2-1: Foul Ball, location: 2F 2-2: Foul Ball, location: 2F 2-2: Strikes out swinging
|
|
Batting: LHB Tyler Allen
|
0-0: Ball 1-0: Called Strike 1-1: Fly out, F3 (Popup, 23F, EV 84.4 MPH)
|
| Bottom of the 2nd over - 0 runs, 1 hit, 0 errors, 2 left on base; Durham 0 - Rochester 0 |
| TOP OF THE 3RD |
|
Durham Bulls batting - Pitching for Rochester Red Wings : RHP Ruben Requena
|
|
Batting: RHB James Huddleston
|
0-0: Swinging Strike 0-1: Called Strike 0-2: Foul Ball, location: 2F 0-2: Ball 1-2: Ball 2-2: Foul Ball, location: 2F 2-2: Strikes out swinging
|
|
Batting: RHB Roberto Aispuro
|
0-0: Ground out 5-3 (Groundball, 56, EV 101.9 MPH)
|
|
Batting: LHB Darryl Gonnella
|
0-0: Ball 1-0: Foul Ball, location: 2F 1-1: Ball 2-1: Foul Ball, location: 2F 2-2: Strikes out looking
|
| Top of the 3rd over - 0 runs, 0 hits, 0 errors, 0 left on base; Durham 0 - Rochester 0 |
| BOTTOM OF THE 3RD |
|
Rochester Red Wings batting - Pitching for Durham Bulls : RHP Eric Smith
|
|
Batting: LHB Jon Ventura
|
0-0: Fly out, F8 (Flyball, 8RD, EV 82.5 MPH)
|
|
Batting: SHB Ian Thompson
|
0-0: Foul Ball, location: 2F 0-1: Foul Ball, location: 2F 0-2: Foul Ball, location: 2F 0-2: Fly out, F8 (Line Drive, 8RD, EV 86.9 MPH)
|
|
Batting: RHB Leo Gonzalez
|
0-0: Ball 1-0: Foul Ball, location: 2F 1-1: Foul Ball, location: 2F 1-2: Fly out, F9 (Flyball, 89M, EV 81.9 MPH)
|
| Bottom of the 3rd over - 0 runs, 0 hits, 0 errors, 0 left on base; Durham 0 - Rochester 0 |
| TOP OF THE 4TH |
|
Durham Bulls batting - Pitching for Rochester Red Wings : RHP Ruben Requena
|
|
Batting: RHB Alex Diaz
|
0-0: Called Strike 0-1: Ball 1-1: Foul Ball, location: 2F 1-2: Foul Ball, location: 2F 1-2: Strikes out swinging
|
|
Batting: LHB Eric Toney
|
0-0: Ball 1-0: Swinging Strike 1-1: Ball 2-1: Ball 3-1: Base on Balls
|
|
Batting: RHB David Ward
|
0-0: Fielders Choice at 2nd, 5-4 (Groundball, 56S, EV 85.6 MPH)
|
|
Batting: LHB Davion Lewis
|
0-0: Called Strike 0-1: Ground out 5-3 (Groundball, 56S, EV 85.0 MPH)
|
| Top of the 4th over - 0 runs, 0 hits, 0 errors, 1 left on base; Durham 0 - Rochester 0 |
| BOTTOM OF THE 4TH |
|
Rochester Red Wings batting - Pitching for Durham Bulls : RHP Eric Smith
|
|
Batting: RHB Colin Boddy
|
0-0: Ball 1-0: Called Strike 1-1: Ball 2-1: Fly out, F3 (Line Drive, 3L, EV 61.2 MPH)
|
|
Batting: LHB Chaim Huting
|
0-0: Ball 1-0: Ball 2-0: Ball 3-0: Base on Balls
|
|
Batting: SHB Manny Molina
|
0-0: Called Strike 0-1: DOUBLE (Line Drive, 3D, EV 105.6 MPH) Chaim Huting to third Runner from 3rd tries for Home, SAFE, throw by RF to trailing runner, SAFE at third!
|
|
Batting: RHB Cyril Husson
|
0-0: Ball 1-0: Foul Ball, location: 2F 1-1: Ball 2-1: SINGLE (Groundball, 56D, EV 109.4 MPH) Manny Molina scores
|
|
Batting: RHB Jason Gee
|
0-0: Ball 1-0: Called Strike 1-1: Ball Cyril Husson is caught stealing 2nd base 2-4 2-1: Called Strike 2-2: Ball 3-2: DOUBLE (Line Drive, 78XD, EV 108.1 MPH)
|
|
Batting: LHB Tyler Allen
|
0-0: Foul Ball, location: 2F 0-1: Called Strike 0-2: Ground out 6-3 (Groundball, 6, EV 87.5 MPH)
|
| Bottom of the 4th over - 2 runs, 3 hits, 0 errors, 1 left on base; Durham 0 - Rochester 2 |
| TOP OF THE 5TH |
|
Durham Bulls batting - Pitching for Rochester Red Wings : RHP Ruben Requena
|
|
Batting: RHB Sesto Carpini
|
0-0: Ball 1-0: Called Strike 1-1: Swinging Strike 1-2: Strikes out swinging
|
|
Batting: LHB Danny Hull
|
0-0: Ball 1-0: DOUBLE (Line Drive, 78D, EV 103.8 MPH)
|
|
Batting: RHB James Huddleston
|
0-0: Fly out, F8 (Flyball, 8LS, EV 94.4 MPH)
|
|
Batting: RHB Roberto Aispuro
|
0-0: Ball 1-0: Called Strike 1-1: Foul Ball, location: 2F 1-2: Foul Ball, location: 2F 1-2: Foul Ball, location: 2F 1-2: Ball 2-2: SINGLE (Groundball, 56D, EV 106.2 MPH) Danny Hull to third Runner from 3rd tries for Home, SAFE, throw by LF to home
|
|
Batting: LHB Darryl Gonnella
|
0-0: Called Strike Roberto Aispuro steals 2nd base 0-1: Called Strike 0-2: Ball 1-2: Ball 2-2: Ball 3-2: Fly out, F7 (Flyball, 78S, EV 88.8 MPH)
|
| Top of the 5th over - 1 run, 2 hits, 0 errors, 1 left on base; Durham 1 - Rochester 2 |
| BOTTOM OF THE 5TH |
|
Rochester Red Wings batting - Pitching for Durham Bulls : RHP Eric Smith
|
|
Batting: LHB Jon Ventura
|
0-0: Ball 1-0: Ball 2-0: Called Strike 2-1: Ball 3-1: Foul Ball, location: 2F 3-2: Ground out 5-3 (Groundball, 56, EV 105.0 MPH)
|
|
Batting: SHB Ian Thompson
|
0-0: Ball 1-0: Ball 2-0: Called Strike 2-1: Called Strike 2-2: Strikes out swinging
|
|
Batting: RHB Leo Gonzalez
|
0-0: Called Strike 0-1: Ball 1-1: Ball 2-1: Ball 3-1: Base on Balls
|
|
Pitching: LHP Frank Rodriguez
|
|
|
Batting: RHB Colin Boddy
|
0-0: Reached via error on a dropped throw from SS, E3 (Groundball, 56D, EV 110.6 MPH) Leo Gonzalez to second
|
|
Batting: LHB Chaim Huting
|
0-0: Called Strike 0-1: Ball 1-1: Foul Ball, location: 2F 1-2: Foul Ball, location: 2F 1-2: Ball 2-2: Ground out 4-3 (Groundball, 34D, EV 98.8 MPH)
|
| Bottom of the 5th over - 0 runs, 0 hits, 1 error, 2 left on base; Durham 1 - Rochester 2 |
| TOP OF THE 6TH |
|
Durham Bulls batting - Pitching for Rochester Red Wings : RHP Ruben Requena
|
|
Batting: RHB Alex Diaz
|
0-0: Ball 1-0: Ball 2-0: Ball 3-0: Base on Balls
|
|
Batting: LHB Eric Toney
|
0-0: Ball 1-0: Ball 2-0: Ball 3-0: Called Strike 3-1: Base on Balls Alex Diaz to second
|
|
Batting: RHB David Ward
|
0-0: Foul Ball, location: 2F 0-1: Ball 1-1: Ball 2-1: Ball 3-1: Called Strike 3-2: Foul Ball, location: 2F 3-2: Base on Balls Alex Diaz to third Eric Toney to second
|
|
Batting: LHB Davion Lewis
|
0-0: Ball Wild Pitch! Alex Diaz scores Eric Toney to third David Ward to second 1-0: Called Strike 1-1: Fly out, F9 (Flyball, 9, EV 87.5 MPH)
|
|
Batting: RHB Sesto Carpini
|
0-0: Ball 1-0: Ground out 6-3 (Groundball, 56, EV 84.4 MPH)
|
|
Batting: LHB Danny Hull
|
0-0: Ball 1-0: Ball 2-0: Called Strike 2-1: Foul Ball, location: 2F 2-2: Foul Ball, location: 2F 2-2: Foul Ball, location: 2F 2-2: Foul Ball, location: 2F 2-2: Foul Ball, location: 2F 2-2: SINGLE (Line Drive, 56D, EV 98.1 MPH) Eric Toney scores David Ward to third Runner from 3rd tries for Home, SAFE, throw by LF to home
|
|
Pitching: RHP Matthew Lange
|
|
|
Batting: RHB James Huddleston
|
0-0: Ball 1-0: Ball 2-0: Called Strike 2-1: Swinging Strike 2-2: Ball 3-2: Foul Ball, location: 2F 3-2: SINGLE (Line Drive, 4MD, EV 95.6 MPH) Danny Hull to second Danny Hull to third
|
|
Batting: RHB Roberto Aispuro
|
0-0: Called Strike 0-1: Ball 1-1: DOUBLE (Flyball, 78D, EV 101.2 MPH) Danny Hull scores James Huddleston to third Runner from 3rd tries for Home, SAFE, throw by LF to trailing runner, OUT at third! 7-3-5
|
| Top of the 6th over - 5 runs, 3 hits, 0 errors, 0 left on base; Durham 6 - Rochester 2 |
| BOTTOM OF THE 6TH |
|
Rochester Red Wings batting - Pitching for Durham Bulls : LHP Frank Rodriguez
|
|
Batting: SHB Manny Molina
|
0-0: Called Strike 0-1: Swinging Strike 0-2: Strikes out swinging
|
|
Batting: RHB Cyril Husson
|
0-0: Ball 1-0: Swinging Strike 1-1: Ball 2-1: Ball 3-1: Foul Ball, location: 2F 3-2: Ground out 6-3 (Groundball, 56, EV 88.8 MPH)
|
|
Batting: RHB Jason Gee
|
0-0: Ball 1-0: Ball 2-0: Ground out 6-3 (Groundball, 6, EV 81.2 MPH)
|
| Bottom of the 6th over - 0 runs, 0 hits, 0 errors, 0 left on base; Durham 6 - Rochester 2 |
| TOP OF THE 7TH |
|
Durham Bulls batting - Pitching for Rochester Red Wings : RHP Matthew Lange
|
|
Batting: LHB Darryl Gonnella
|
0-0: Ball 1-0: Called Strike 1-1: Ball 2-1: Foul Ball, location: 2F 2-2: Foul Ball, location: 2F 2-2: Foul Ball, location: 2F 2-2: Strikes out swinging
|
|
Batting: RHB Alex Diaz
|
0-0: Foul Ball, location: 2F 0-1: Foul Ball, location: 2F 0-2: Strikes out swinging
|
|
Batting: LHB Eric Toney
|
0-0: Ball 1-0: Called Strike 1-1: Ground out U3 (Groundball, 3, EV 83.8 MPH)
|
| Top of the 7th over - 0 runs, 0 hits, 0 errors, 0 left on base; Durham 6 - Rochester 2 |
| BOTTOM OF THE 7TH |
|
Rochester Red Wings batting - Pitching for Durham Bulls : LHP Frank Rodriguez
|
|
Batting: LHB Tyler Allen
|
0-0: Called Strike 0-1: Ball 1-1: Foul Ball, location: 2F 1-2: Ground out 1-3 (Groundball, 13S, EV 70.6 MPH)
|
|
Batting: LHB Jon Ventura
|
0-0: Swinging Strike 0-1: Swinging Strike 0-2: Ball 1-2: Strikes out swinging
|
|
Batting: SHB Ian Thompson
|
0-0: Ball 1-0: Ball 2-0: Foul Ball, location: 2F 2-1: Called Strike 2-2: Ball 3-2: Foul Ball, location: 2F 3-2: Foul Ball, location: 2F 3-2: Foul Ball, location: 2F 3-2: Foul Ball, location: 2F 3-2: Foul Ball, location: 2F 3-2: Base on Balls
|
|
Batting: RHB Leo Gonzalez
|
0-0: Ball 1-0: Ball 2-0: Swinging Strike 2-1: Ball 3-1: Fly out, F9 (Flyball, 89S, EV 80.6 MPH)
|
| Bottom of the 7th over - 0 runs, 0 hits, 0 errors, 1 left on base; Durham 6 - Rochester 2 |
| TOP OF THE 8TH |
|
Durham Bulls batting - Pitching for Rochester Red Wings : RHP Matthew Lange
|
|
Batting: RHB David Ward
|
0-0: Fly out, F8 (Flyball, 8LS, EV 95.0 MPH)
|
|
Batting: LHB Davion Lewis
|
0-0: Ball 1-0: Called Strike 1-1: DOUBLE (Line Drive, 89XD, EV 107.5 MPH)
|
|
Batting: RHB Sesto Carpini
|
0-0: Fly out, F4 (Popup, 3D, EV 62.5 MPH)
|
|
Batting: LHB Danny Hull
|
0-0: Swinging Strike 0-1: Ball 1-1: Foul Ball, location: 2F 1-2: Ball 2-2: Ball Wild Pitch! Davion Lewis to third 3-2: Foul Ball, location: 2F 3-2: Foul Ball, location: 2F 3-2: Foul Ball, location: 2F 3-2: Fly out, F8 (Flyball, 78D, EV 101.9 MPH)
|
| Top of the 8th over - 0 runs, 1 hit, 0 errors, 1 left on base; Durham 6 - Rochester 2 |
| BOTTOM OF THE 8TH |
|
Rochester Red Wings batting - Pitching for Durham Bulls : LHP Frank Rodriguez
|
|
Pitching: RHP David Breaux
|
|
|
Batting: RHB Colin Boddy
|
0-0: Called Strike 0-1: Ball 1-1: Swinging Strike 1-2: Ground out 1-3 (Groundball, 15S, EV 66.2 MPH)
|
|
Batting: LHB Chaim Huting
|
0-0: Called Strike 0-1: Foul Ball, location: 2F 0-2: Ball 1-2: Ball 2-2: Strikes out swinging
|
|
Batting: SHB Manny Molina
|
0-0: Ball 1-0: Foul Ball, location: 2F 1-1: Foul Ball, location: 2F 1-2: Ball 2-2: Ball 3-2: Foul Ball, location: 2F 3-2: Fly out, F8 (Flyball, 8LD, EV 86.9 MPH)
|
| Bottom of the 8th over - 0 runs, 0 hits, 0 errors, 0 left on base; Durham 6 - Rochester 2 |
| TOP OF THE 9TH |
|
Durham Bulls batting - Pitching for Rochester Red Wings : RHP Matthew Lange
|
|
Pitching: RHP Matt Springer
|
|
|
Batting: RHB James Huddleston
|
0-0: Foul Ball, location: 2F 0-1: Fly out, F5 (Line Drive, 56, EV 71.9 MPH)
|
|
Batting: RHB Roberto Aispuro
|
0-0: Ground out 5-3 (Groundball, 5, EV 76.2 MPH)
|
|
Batting: LHB Darryl Gonnella
|
0-0: Ball 1-0: Ball 2-0: Ball 3-0: Called Strike 3-1: Base on Balls
|
|
Batting: RHB Alex Diaz
|
0-0: Called Strike Darryl Gonnella steals 2nd base (no throw) 0-1: Ball 1-1: Foul Ball, location: 2F 1-2: Foul Ball, location: 2F 1-2: Strikes out looking
|
| Top of the 9th over - 0 runs, 0 hits, 0 errors, 1 left on base; Durham 6 - Rochester 2 |
| BOTTOM OF THE 9TH |
|
Rochester Red Wings batting - Pitching for Durham Bulls : RHP David Breaux
|
|
Batting: RHB Cyril Husson
|
0-0: Called Strike 0-1: Ball 1-1: Swinging Strike 1-2: Strikes out swinging
|
|
Batting: RHB Jason Gee
|
0-0: Called Strike 0-1: Ball 1-1: Ball 2-1: Called Strike 2-2: SINGLE (Groundball, 25, EV 69.4 MPH) (infield hit)
|
|
Batting: LHB Tyler Allen
|
0-0: Called Strike 0-1: Ball 1-1: Ball 2-1: Foul Ball, location: 2F 2-2: DOUBLE (Line Drive, 78XD, EV 107.5 MPH) Jason Gee to third
|
|
Pitching: RHP Cody Wilharm
|
|
|
Batting: LHB Jon Ventura
|
0-0: Ball 1-0: Foul Ball, location: 2F 1-1: Ball 2-1: Ball 3-1: Base on Balls
|
|
Batting: SHB Ian Thompson
|
0-0: Foul Ball, location: 2F 0-1: Foul Ball, location: 2F 0-2: Strikes out swinging
|
|
Batting: RHB Leo Gonzalez
|
0-0: Ball 1-0: Ball 2-0: Called Strike 2-1: Foul Ball, location: 2F 2-2: Fly out, F9 (Flyball, 9LMF, EV 93.1 MPH)
|
| Bottom of the 9th over - 0 runs, 2 hits, 0 errors, 3 left on base; Durham 6 - Rochester 2 |
|